[Event "Late-Titled-Tuesday-Blitz-January-30-2024"]
[Site "Chess.com"]
[Date "2024.01.30"]
[Round "5"]
[White "Onthequiet"]
[Black "zverr1"]
[Result "1-0"]
[WhiteElo "2449"]
[BlackElo "2582"]
[TimeControl "180+1"]
[EndTime "14:58:03 PST"]
[Termination "Onthequiet won by resignation"]

1. d4 Nf6 2. Nf3 g6 3. Bg5 Bg7 4. Nbd2 d5 5. c3 O-O 6. e3 b6 7. a4 a5 8. Ne5 Bb7 9. Bb5 c6 10. Be2 Nbd7 11. Nd3 Re8 12. O-O Qc7 13. Bf4 Qd8 14.
Re1 c5 15. Ne5 Nxe5 16. Bxe5 Nd7 17. Bxg7 Kxg7 18. Bb5 Qc7 19. Bxd7 Qxd7 20. Nf3 f6 21. h3 e5 22. Qb3 Qe6 23. Qa3 Rac8 24. b4 cxb4 25. cxb4 axb4 26. Qxb4 Rc4 27. Qb5 Bc6 28. Qxb6 Bxa4 29. Qxe6 Rxe6 30. Reb1 Re7 31. Rb2 Be8 32. g4 h5 33. Kg2 hxg4 34. hxg4 Bd7 35. Kg3 Be8 36. g5 exd4 37. gxf6+ Kxf6 38. Ra6+ Rc6 39. Rxc6+ Bxc6 40. Nxd4 Bd7 41. Rb6+ Kf7 42. Rd6 Be6 43. Nxe6 Rxe6 44. Rxd5 Kf6 45. Kf4 Ra6 46. e4 Ra2 47. f3 Ra6 48. Rb5 Rc6 49. Ra5 Rb6 50. Ra7 g5+ 51. Kg4 Kg6 52. Ra5 Rf6 53. Rxg5+ Kh6 54. f4 Re6 55. e5 Re8 56. Rh5+ Kg6 57. Rg5+ Kh6 58. Kf5 Rf8+ 59. Ke4 Ra8 60. Rg1 Ra4+ 61. Kf5 Ra5 62. Kf6 Ra6+ 63. e6 Kh7 64. Kf7 Kh6 65.
f5 Ra5 66. f6 Ra2 67. e7 Re2 68. e8=Q Rxe8 69. Kxe8 Kh7 70. f7 Kh6 1-0

[Event "Late-Titled-Tuesday-Blitz-January-30-2024"]
[Site "Chess.com"]
[Date "2024.01.30"]
[Round "5"]
[White "Talcrifice"]
[Black "ContrVersia"]
[Result "0-1"]
[WhiteElo "2549"]
[BlackElo "2845"]
[TimeControl "180+1"]
[EndTime "14:58:04 PST"]
[Termination "ContrVersia won by checkmate"]

1. d4 Nf6 2. c4 g6 3. g3 Bg7 4. Bg2 O-O 5. Nc3 d6 6. Nf3 Nc6 7. O-O e5 8. d5 Nb8 9. e4 a5 10. Be3 Na6 11. h3 Nd7 12. Ne1 Ndc5 13. b3 Bd7 14. a3 f5 15. Nd3 b6 16. Nxc5 Nxc5 17.
Rb1 f4 18. Bxc5 bxc5 19. g4 Bf6 20. f3 h5 21. Kf2 hxg4 22. hxg4 Kg7 23. Ke2 Rh8 24. Rh1 Rb8 25. a4 Rxh1 26. Qxh1 Qe7 27.
Nb5 Rh8 28. Qg1 Qd8 29. Kd3 Qb8 30. Qe1 Rh2 31. Rb2 Qb6 32. Qg1 Rh8 33. Bf1 Bxb5 34. axb5 a4 35. bxa4 Qa5 36. Rh2 Rxh2 37. Qxh2 Qxa4 38.
Qc2 Qa1 39. Be2 Bh4 40. Qc3 Qg1 41. Kc2 Be1 42. Qd3 Ba5 43. Bd1 Qf2+ 44. Qe2 Qd4 45. Qd3 Qa1 46. Qb3 Bb4 47. Qb2 Qa4+ 48. Qb3 Qa8 49. Kd3 Qh8 50. Qc2 Qh1 51. Qe2 Kf6 52.
Kc2 Kg5 53. Qf2 Qh8 54. Qe2 Qh4 55. Kb2 Qg3 56. Kc2 Kh4 57. Kb3 Qg1 58. Ka4 Kg3 59. b6 cxb6 60. Kb5 Qe3 61. Qc2 Qa3 62. Kc6 Qa6 63.
Qa4 Qxc4 64. Kxd6 b5 65. Qc2 Qd4 66. Ke6 c4 67. Be2 Qb6+ 68. Kxe5 Qd6+ 69. Kd4 Bc5+ 70.
Kc3 Qe5+ 71. Kd2 Qd4+ 72. Ke1 Bb4+ 73. Kf1 Qf2# 0-1

[Event "Late-Titled-Tuesday-Blitz-January-30-2024"]
[Site "Chess.com"]
[Date "2024.01.30"]
[Round "5"]
[White "BestestBP"]
[Black "Eloist"]
[Result "0-1"]
[WhiteElo "2257"]
[BlackElo "2429"]
[TimeControl "180+1"]
[EndTime "14:58:05 PST"]
[Termination "Eloist won by checkmate"]

1. c4 e5 2. Nc3 Nf6 3. Nf3 Nc6 4. e4 Bb4 5. d3 d6 6. a3 Bc5 7. b4 Bb6 8. Be2 Nd4 9. Nxd4 Bxd4 10. Bb2 O-O 11.
O-O Ne8 12. Qc2 f5 13. Nd5 Bxb2 14. Qxb2 c6 15. Nc3 f4 16. Bf3 Nc7 17. Rad1 Ne6 18. Ne2 Ng5 19. Bh5 g6 20. h4 Nf7 21. Bf3 Qxh4 22. g3 fxg3 23. fxg3 Qg5 24. Qd2 Bh3 25. Rf2 Qxd2 26. Rxd2 Ng5 27. Bg2 Rxf2 28. Kxf2 Rf8+ 29. Kg1 Nf3+ 30. Bxf3 Rxf3 31. d4 Rf1+ 32. Kh2 Bg4 33. Kg2 Re1 34. Nc3 Re3 35. Nd1 Re2+ 36. Rxe2 Bxe2 37. Nc3 Bxc4 38. dxe5 dxe5 39. Na4 b6 40.
Nb2 Ba6 41. Kf3 Kf7 42. Kg4 Kf6 43. Kf3 h5 44. Nd1 Bc8 45. Ne3 Be6 46. Nf1 c5 47.
bxc5 bxc5 48. Nd2 c4 49. Nb1 g5 50. Nc3 g4+ 51. Ke3 Kg5 52. Nb5 a6 53. Nc7 Bc8 54. Nd5 h4 55. gxh4+ Kxh4 56. Nb6 Be6 57. Na4 g3 58.
Nc5 Bg4 59. Na4 Kh3 60. Nc3 g2 61. Nd1 g1=Q+ 62. Nf2+ Kg3 63. Kd2 Qxf2+ 64. Kc3 Qd4+ 65.
Kb4 c3+ 66. Ka5 c2 67. a4 c1=Q 68. Kxa6 Qc6+ 69. Ka5 Qd2# 0-1

[Event "Late-Titled-Tuesday-Blitz-January-30-2024"]
[Site "Chess.com"]
[Date "2024.01.30"]
[Round "5"]
[White "ChristopherYoo"]
[Black "Witik"]
[Result "1-0"]
[WhiteElo "2932"]
[BlackElo "2655"]
[TimeControl "180+1"]
[EndTime "14:58:09 PST"]
[Termination "ChristopherYoo won on time"]

1. e4 c6 2. Nf3 d5 3. exd5 cxd5 4. Ne5 Nf6 5. d4 g6 6. Bb5+ Nbd7 7. O-O Bg7 8. Re1 O-O 9. Nd2 Nxe5 10. dxe5 Ne4 11.
Nxe4 dxe4 12. Bg5 Bxe5 13. Qxd8 Rxd8 14. Bxe7 Rd2 15. Rxe4 Bxb2 16. Bb4 Bf5 17. Bxd2 Bxe4 18. Rb1 Rd8 19. Bg5 Rd5 20. Rxb2 Rxg5 21. Bf1 Rc5 22. c4 Kf8 23. f3 Bc6 24. Kf2 Ke7 25. Ke3 Ra5 26. Kd4 Kd6 27. Bd3 b6 28. Bc2 Rh5 29. h3 Re5 30. Bd3 Re1 31. Rd2 h6 32. Bc2 g5 33.
Bf5 Rg1 34. Bg4 Re1 35. Bh5 f5 36. Bf7 Re5 37. Bg6 f4 38. Bc2 Re1 39. Bb3 a5 40.
Bc2 Ra1 41. Bf5 Rg1 42. Re2 Rd1+ 43. Kc3 Kc7 44. Re7+ Kd6 45. Re6+ Kc7 46. Rxh6 Rg1 47. Rh7+ Kd6 48. Rg7 Rxg2 49. h4 Rg3 50. hxg5 Rxf3+ 51. Kd4 Rf1 52. Rg6+ Kc7 53. Rg7+ Kd6 54. Bh3 Rd1+ 55. Kc3 f3 56. Rg6+ Kc5 57. Rf6 Rc1+ 58. Kd2 Rxc4 59. g6 Rd4+ 60. Ke3 Rd8 61. Be6 Kd6 62. g7 Ke7 63. Rh6 Re8 64. g8=Q Rxg8 65. Bxg8 Kd7 66. Bh7 Kc7 67. Be4 1-0

[Event "Late-Titled-Tuesday-Blitz-January-30-2024"]
[Site "Chess.com"]
[Date "2024.01.30"]
[Round "5"]
[White "DeTimmerman"]
[Black "rhungaski"]
[Result "1-0"]
[WhiteElo "2673"]
[BlackElo "2504"]
[TimeControl "180+1"]
[EndTime "14:58:19 PST"]
[Termination "DeTimmerman won by resignation"]

1. e4 g6 2. d4 Bg7 3. Nc3 d6 4. Be3 a6 5. h4 h6 6. Qd2 b5 7.
O-O-O Bb7 8. f3 Nd7 9. Nh3 c5 10. dxc5 Rc8 11. Bd4 e5 12. Be3 dxc5 13. h5 Ne7 14.
hxg6 fxg6 15. Nf2 h5 16. Bg5 Nf6 17. Qxd8+ Rxd8 18. Rxd8+ Kxd8 19. Nd3 Nd7 20. Be2 Bh6 21.
Bxh6 Rxh6 22. Rd1 Kc7 23. Nb1 h4 24. Nf2 Nf6 25. Nd2 g5 26. Nf1 Bc8 27. Ne3 Be6 28.
Rh1 Rg6 29. a4 c4 30. axb5 axb5 31. b3 cxb3 32. cxb3 Kb6 33. Kb2 Nc6 34. Nc2 Rg8 35. Nd3 Nh5 36. Ne3 Nf4 37. Bf1 Rd8 38. Kc3 b4+ 39.
Nxb4 Nxb4 40. Kxb4 Rd2 41. Bc4 Bc8 42. Kc3 Rf2 43.
Rg1 Ba6 44. Bxa6 Kxa6 45. Kc4 Kb7 46. Kc5 Rb2 47. b4 Nd3+ 48. Kd5 Rxb4 49. Nc4 Nf4+ 50. Kc5 Nd3+ 51. Kd5 Rb5+ 52. Ke6 Nf4+ 53. Kf6 Ne2 54. Re1 Rc5 55. Nxe5 Nf4 56. Rb1+ Kc7 57. Nf7 Nxg2 58. Nxg5 Ne3 59. Ne6+ Kd6 60. Nxc5 Kxc5 61. Rh1 h3 62.
Rxh3 Ng2 63. e5 Nf4 64. e6 Kd6 65. e7 Nd5+ 66. Kf7 Nxe7 67. Rh6+ Kd7 68. Re6 Nd5 69. Re4 Nc7 70. f4 Nb5 71. f5 Kd6 72. Kg7 Nc7 73. f6 Kd5 74. Re7 Ne6+ 75. Rxe6 Kxe6 76. f7 Kf5 77. f8=Q+ Kg5 78. Qf6+ Kh5 79. Qg6+ 1-0

[Event "Late-Titled-Tuesday-Blitz-January-30-2024"]
[Site "Chess.com"]
[Date "2024.01.30"]
[Round "5"]
[White "HansOnTwitch"]
[Black "josmito10"]
[Result "1-0"]
[WhiteElo "3207"]
[BlackElo "2832"]
[TimeControl "180+1"]
[EndTime "14:58:24 PST"]
[Termination "HansOnTwitch won on time"]

1. e4 e6 2. d4 d5 3. Nc3 Bb4 4.
exd5 exd5 5. Bd3 Nc6 6. a3 Bxc3+ 7. bxc3 Nge7 8. Nf3 Bf5 9. O-O O-O 10. Rb1 b6 11. Re1 Qd7 12. Bf4 Rfe8 13. h3 h6 14. Bh2 Bxd3 15.
cxd3 Nf5 16. Qa4 Rad8 17. Qa6 Qc8 18. Qa4 Qd7 19. Qc2 Nd6 20. Be5 f6 21. Bh2 Rxe1+ 22. Rxe1 Re8 23. Qd1 Rxe1+ 24. Qxe1 Qe8 25. Qd1 Qe7 26. a4 Kh7 27. Nh4 Qe6 28. Bxd6 cxd6 29. Kh2 g5 30. Nf3 Ne7 31. Nd2 Ng6 32. Nf1 Nf4 33. Ne3 h5 34. h4 gxh4 35. Qf3 Nxd3 36.
Qxh5+ Kg7 37. Nf5+ Kf8 38. Qh8+ Kf7 39. Qh7+ Kf8 40.
Qh6+ Kf7 41. Qh5+ Kf8 42. f3 a6 43. Qh8+ Kf7 44. Qh7+ Kf8 45. Nxh4 Qe3 46. Qh8+ Kf7 47.
Qh5+ Kf8 48. Nf5 Qf4+ 49. g3 Qd2+ 50. Kh3 Nf2+ 51. Kh4 Qg5+ 52. Qxg5 fxg5+ 53. Kxg5 Nd1 54. Nxd6 Nxc3 55. f4 Nxa4 56. f5 b5 57. Kf6 b4 58.
g4 b3 59. g5 b2 60. g6 b1=Q 61. g7+ Kg8 62. Nc8 Qb7 63. Ne7+ Qxe7+ 64. Kxe7 Nb6 65.
f6 Nc8+ 66. Kd7 a5 67. Kxc8 a4 68. Kd7 Kf7 69. g8=Q+ Kxg8 70. Ke8 a3 71. f7+ 1-0

[Event "Late-Titled-Tuesday-Blitz-January-30-2024"]
[Site "Chess.com"]
[Date "2024.01.30"]
[Round "5"]
[White "MetiForce"]
[Black "Russian_berezka"]
[Result "1/2-1/2"]
[WhiteElo "2861"]
[BlackElo "2590"]
[TimeControl "180+1"]
[EndTime "14:58:25 PST"]
[Termination "Game drawn by repetition"]

1. b3 Nf6 2. Bb2 g6 3. e4 d6 4.
d3 Bg7 5. Be2 O-O 6. Nd2 e5 7.
Ngf3 h6 8. O-O Be6 9. Ne1 c5 10. g3 Nc6 11. Ng2 Nd4 12. f4 Bh3 13. Nc4 b5 14.
Nce3 exf4 15. gxf4 Nxe4 16. Bxd4 Bxd4 17. dxe4 Bxg2 18.
Kxg2 Bxe3 19. Bxb5 Qf6 20. Qf3 Bd4 21. Rae1 Kg7 22. Bc6 Rab8 23. Bd5 a5 24. Rd1 a4 25. Rd3 axb3 26. axb3 Qe7 27. Qg4 h5 28. Qh3 Rb6 29. Rg3 Ra6 30. Qxh5 Rh8 31. Qf3 Ra2 32. Qd3 Qh4 33. h3 Qf6 34. Kh1 Rh4 35. e5 dxe5 36. fxe5 Qxf1+ 37. Qxf1 Ra1 38. Qxa1 Bxa1 39. Rf3 Bxe5 40.
Rxf7+ Kh6 41. Kg2 Rd4 42. c4 Rd2+ 43. Kf3 Bd4 44. Rb7 Kg5 45. b4 Rd3+ 46. Kg2 Rd2+ 47. Kf1 cxb4 48. Rxb4 Kf4 49. Rb3 Be3 50. Ke1 Rh2 51.
Be6 g5 52. Rb7 Rc2 53. Rf7+ Kg3 54. Bd5 Bf4 55. Kd1 Rc1+ 56. Ke2 Kxh3 57. Be4 Kg3 58. Kd3 Rd1+ 59. Kc3 Rc1+ 60. Bc2 g4 61. c5 Be5+ 62. Kd2 Ra1 63. c6 Ra5 64. Be4 Rc5 65. Rf5 Bf4+ 66. Ke2 Rxf5 67. Bxf5 Bc7 68. Kf1 Kf4 69. Bd7 g3 70. Kg2 Ke5 71. Bh3 Kd6 72. Bd7 Ke7 73.
Kh3 Kd8 74. Kg2 Bb8 75. Kf3 Bc7 76. Kg2 Bb8 77. Kh3 Bc7 78. Kg2 1/2-1/2

[Event "Late-Titled-Tuesday-Blitz-January-30-2024"]
[Site "Chess.com"]
[Date "2024.01.30"]
[Round "5"]
[White "Viktor_Poddubnyi"]
[Black "JulAnt"]
[Result "1/2-1/2"]
[WhiteElo "2329"]
[BlackElo "2536"]
[TimeControl "180+1"]
[EndTime "14:58:31 PST"]
[Termination "Game drawn - insufficient material"]

1. e4 c5 2. Nf3 d6 3. d4 cxd4 4.
Nxd4 Nf6 5. Nc3 a6 6. Bg5 e6 7. Qf3 Be7 8. g4 Nc6 9. Nxc6 bxc6 10.
O-O-O Rb8 11. Kb1 Qa5 12. Bd2 Qb6 13. b3 O-O 14. g5 Nd7 15. h4 a5 16. Bc1 a4 17.
Nxa4 Qa5 18. Bb2 Ne5 19. Qc3 Qxc3 20. Bxc3 Ng4 21. Rd2 f6 22. gxf6 Bxf6 23. Bxf6 Rxf6 24.
Rxd6 Nxf2 25. Rg1 Nxe4 26. Rd8+ Rf8 27. Rxf8+ Kxf8 28. Bd3 Nf6 29. Nc5 g6 30. a4 Ke7 31.
Re1 Kd6 32. Ne4+ Nxe4 33. Rxe4 c5 34. h5 g5 35. h6 e5 36. Re1 Be6 37. Kc1 g4 38. a5 g3 39. Rg1 Rg8 40. Bxh7 Rh8 41. Bd3 Rxh6 42. Rxg3 Bd5 43. Rg6+ Rxg6 44. Bxg6 Kc6 45.
Bd3 e4 46. Be2 e3 47. Kb2 Be4 48. Kc3 Bf5 49. Bd3 Bg4 50. Bc4 Bf5 51. Be2 Be4 52. Kb2 Bf5 53. c3 Be4 54. Ka3 Bf5 55. b4 cxb4+ 56. cxb4 Be4 57. Kb3 Kd5 58. Kc3 Bf5 59.
a6 Kc6 60. Kd4 Kb6 61. Kxe3 Bc8 62. b5 Bd7 63. Kd4 Bc8 64. Kc3 Ka7 65. Kb4 Kb6 66. Bf3 Bd7 67. Be2 Bc8 68. Bd3 Bd7 69. Bc4 Be8 70. Bd3 Bd7 71. Be4 Be8 72. Bf3 Bd7 73.
Be4 Bxb5 74. a7 Kxa7 1/2-1/2

[Event "Late-Titled-Tuesday-Blitz-January-30-2024"]
[Site "Chess.com"]
[Date "2024.01.30"]
[Round "5"]
[White "ural58"]
[Black "traviscottofficial"]
[Result "1-0"]
[WhiteElo "2469"]
[BlackElo "2597"]
[TimeControl "180+1"]
[EndTime "14:58:32 PST"]
[Termination "ural58 won by resignation"]

1. e4 e5 2. f4 Nf6 3. Nf3 d5 4. fxe5 Nxe4 5. d3 Nc5 6. d4 Ne6 7. c4 c5 8. cxd5 Qxd5 9. Nc3 Qd8 10. d5 Nc7 11. Bg5 f6 12. exf6 gxf6 13. Bf4 Bd6 14. Qe2+ Kf7 15. Bxd6 Qxd6 16. O-O-O Bf5 17. Qf2 Nd7 18.
Bd3 Qf4+ 19. Kb1 Bxd3+ 20. Rxd3 Rhe8 21. Qc2 Qf5 22. Rf1 c4 23. Rd4 Qxc2+ 24. Kxc2 b5 25. Rh4 Kg8 26. Rg4+ Kh8 27. d6 Na6 28. Nxb5 Nb4+ 29.
Kb1 Re2 30. Nc3 Re6 31. Rxc4 Nd3 32. Rd4 N3c5 33. Rfd1 Rb8 34. b3 a5 35. Na4 Ne4 36. Ka1 Rc8 37. Re1 f5 38. Nd2 Ndf6 39. d7 Rd8 40. Nxe4 Nxe4 41. Rf1 Rf6 42. g4 fxg4 43. Re1 Ng5 44. Re8+ Rf8 45. Rxf8+ Rxf8 46. d8=Q Rxd8 47. Rxd8+ Kg7 48. Rd5 Kg6 49. Rxa5 Nf3 50. Ra6+ Kg5 51. Nc5 h5 52. Ne6+ Kf5 53. Ng7+ Kg5 54. Ra5+ Kg6 55. Nxh5 Nxh2 56. Ng3 Nf3 57. a4 Nd4 58. Kb2 Kf6 59. Ra6+ Ke5 60. Ra8 Kf4 61. Nh5+ Kg5 62. Ng3 Kf4 63. Nf1 Kf3 64. Rf8+ Ke2 65. a5 Nf3 66. Ng3+ Kf2 67. Nf5 Ne5 68. a6 Nd3+ 69. Ka3 Nc5 70. a7 Nd7 71. Rf7 Nb6 72. Nd6+ Kg1 73. Nc4 Na8 74. Rf8 Nc7 75. Rc8 Nb5+ 76. Kb4 Nxa7 77. Rg8 Nc6+ 78. Kc5 Ne7 79. Rxg4+ Kf2 80. Rg7 Nc8 81.
Rc7 Na7 82. Rxa7 1-0

[Event "Late-Titled-Tuesday-Blitz-January-30-2024"]
[Site "Chess.com"]
[Date "2024.01.30"]
[Round "5"]
[White "K_A_S_T_O_R"]
[Black "SaqoChess_Twitch"]
[Result "1-0"]
[WhiteElo "2913"]
[BlackElo "2630"]
[TimeControl "180+1"]
[EndTime "14:58:35 PST"]
[Termination "K_A_S_T_O_R won by checkmate"]

1. e4 c5 2. Nf3 d6 3. d4 cxd4 4. Nxd4 Nf6 5. Nc3 g6 6. Be2 Bg7 7. O-O O-O 8. Nb3 Nc6 9. Bg5 Be6 10. Qd2 Qc8 11. Rad1 Rd8 12. Qe3 Nb4 13. Rd2 d5 14. e5 Ne4 15. Nxe4 dxe4 16. Rxd8+ Qxd8 17. Qxe4 Nc6 18.
Rd1 Qb6 19. Be3 Qb4 20. Qxb4 Nxb4 21. c3 Nd5 22. Bd4 b6 23. g3 g5 24. Bf3 Rd8 25. Re1 g4 26. Be4 h5 27. Nc1 Nb4 28. a3 Na6 29. b4 Nc7 30. Nd3 Nb5 31. Nf4 Nxd4 32. cxd4 Rxd4 33. Nxe6 fxe6 34. Bg6 h4 35. gxh4 Rd5 36.
Re4 Bxe5 37. Rxg4 Kf8 38. h5 Bg7 39. Kg2 Bh6 40. Rg3 Rd4 41. Rc3 Rg4+ 42. Kf3 Rh4 43.
Kg3 Rd4 44. Rf3+ Kg8 45. Bf7+ Kh8 46. Bxe6 Rd6 47. Bb3 a5 48. bxa5 bxa5 49. a4 Rb6 50.
Bc4 Rb4 51. Bb5 Kg7 52. Be8 Bg5 53. Rf7+ Kg8 54. Rf5 Bh4+ 55. Kh3 Bf6 56. f4 Kg7 57. Kg4 Rb2 58. h3 Rg2+ 59. Kf3 Rb2 60. Rxa5 Rb1 61. Bg6 Rf1+ 62. Kg4 Rg1+ 63. Kf5 Re1 64. Ra6 Re3 65.
a5 Rxh3 66. Ra8 Ra3 67. a6 Ra5+ 68. Kg4 Ra4 69. Be8 Be5 70. Bxa4 Bd6 71. Bb3 e6 72.
Re8 Bf8 73. Rxe6 Kh7 74. Rg6 Be7 75. a7 Bd8 76. a8=Q Bc7 77. Qg8# 1-0

[Event "Late-Titled-Tuesday-Blitz-January-30-2024"]
[Site "Chess.com"]
[Date "2024.01.30"]
[Round "5"]
[White "topalovkramnik"]
[Black "krzyzan94"]
[Result "1-0"]
[WhiteElo "2474"]
[BlackElo "2762"]
[TimeControl "180+1"]
[EndTime "14:58:36 PST"]
[Termination "topalovkramnik won by checkmate"]

1. e4 e5 2. Nf3 Nc6 3. d4 exd4 4. c3 d5 5. exd5 Qxd5 6. cxd4 Bg4 7. Be2 Bb4+ 8. Nc3 Bxf3 9. Bxf3 Qc4 10. Bxc6+ bxc6 11. Qe2+ Qxe2+ 12. Kxe2 Nf6 13. Be3 Bxc3 14. bxc3 Kd7 15.
Rhd1 Rab8 16. Rab1 Rb5 17. Kd3 Rhb8 18. Rxb5 Rxb5 19.
Kc2 Ra5 20. Kb3 Ng4 21. h3 Nxe3 22. fxe3 Rf5 23. Rd2 Rf1 24. Kc4 Re1 25. Rf2 f6 26. Rf3 Re2 27. Rg3 g6 28. a4 f5 29. h4 Ke6 30. Kc5 Rc2 31. c4 Rc1 32. h5 Kf6 33. hxg6 hxg6 34. Rf3 Rc2 35. g4 Rc3 36. gxf5 gxf5 37. Kb4 Rc1 38. e4 Ke6 39. Rxf5 Re1 40. Re5+ Kd6 41. Rh5 Rxe4 42. Rh6+ Kd7 43. Kc5 Rg4 44.
Rh7+ Kc8 45. Kxc6 Rg6+ 46. Kc5 Kb7 47. d5 Ra6 48. Kb5 Rd6 49. Re7 Rb6+ 50. Kc5 Ra6 51. Kb5 Rb6+ 52. Kc5 Ra6 53. Rg7 Rh6 54. a5 Rf6 55.
Kb5 a6+ 56. Kc5 Rh6 57. Rd7 Kc8 58. Re7 Kb7 59. Re6 Rh1 60. Re3 Rh6 61. Rb3+ Kc8 62. Rb2 Rg6 63. Re2 Kb7 64. Re6 Rg1 65. d6 Rg5+ 66. Kb4 cxd6 67. Rxd6 Rh5 68. Rd5 Rh1 69. Kc5 Rc1 70. Rd7+ Kc8 71. Ra7 Ra1 72. Rxa6 Kb7 73. Rb6+ Kc7 74. Rb5 Rd1 75. a6 Ra1 76. Rb7+ Kc8 77.
Rb6 Ra5+ 78. Kc6 Rh5 79. c5 Rh6+ 80. Kb5 Rh1 81. a7 Rb1+ 82. Kc6 Ra1 83. Rb8# 1-0

[Event "Late-Titled-Tuesday-Blitz-January-30-2024"]
[Site "Chess.com"]
[Date "2024.01.30"]
[Round "5"]
[White "KaydenTroffChess"]
[Black "SpeedofLight0"]
[Result "1/2-1/2"]
[WhiteElo "2867"]
[BlackElo "3019"]
[TimeControl "180+1"]
[EndTime "14:58:37 PST"]
[Termination "Game drawn - insufficient material"]

1. d4 Nf6 2. Nf3 d5 3. Bf4 Bf5 4. e3 e6 5. Bd3 Bg4 6. Nbd2 Be7 7.
h3 Bh5 8. c3 O-O 9. Qe2 c5 10.
dxc5 Nbd7 11. g4 Bg6 12. b4 Qc8 13. O-O Bxd3 14. Qxd3 b6 15. cxb6 axb6 16. a4 Qc6 17. Nd4 Qb7 18. Bg3 Rfc8 19. Rfc1 Bf8 20. Rcb1 Ne8 21. e4 Bd6 22. exd5 Bxg3 23. dxe6 Bxf2+ 24. Kxf2 fxe6 25. Qe4 Qc7 26. Qxe6+ Kh8 27. N2f3 Nef6 28.
Re1 Re8 29. Qf5 Qxc3 30. g5 Qb2+ 31. Kg1 Rf8 32. gxf6 Rxf6 33. Qc2 Qxc2 34. Nxc2 Rxf3 35. a5 bxa5 36. bxa5 Rxh3 37. a6 h6 38. a7 Rc3 39.
Nd4 Rc7 40. Nb5 Rb7 41. Ra5 Nc5 42. Nd6 Rbxa7 43. Rxc5 Ra4 44. Rc2 Rg4+ 45. Kh1 Ra3 46. Rg2 Rh3+ 47. Kg1 Rhg3 48. Rxg3 Rxg3+ 49. Kf2 Rd3 50. Ne4 Kh7 51. Rc1 Rd7 52. Kf3 Rf7+ 53. Kg4 Re7 54. Ng3 Re5 55. Rc6 Rg5+ 56. Kf4 Ra5 57. Ne4 Ra4 58. Rc7 Kg6 59. Ke5 Ra5+ 60. Kf4 Ra4 61. Kf3 Kf5 62. Rc5+ Kg6 63. Nf2 Ra3+ 64.
Kg4 Ra4+ 65. Kg3 Ra3+ 66. Kg4 Ra4+ 67. Kf3 Ra3+ 68. Kg2 Kh7 69. Nh3 g5 70. Nf2 Kg6 71. Rc6+ Kh5 72. Ne4 Ra4 73. Ng3+ Kg4 74. Nh1 h5 75.
Rf6 h4 76. Nf2+ Kh5 77. Rf8 Ra3 78. Rh8+ Kg6 79. Rg8+ Kf6 80. Ne4+ Kf5 81. Rxg5+ Kf4 82. Rh5 h3+ 83. Rxh3 Rxh3 84. Kxh3 1/2-1/2

[Event "Late-Titled-Tuesday-Blitz-January-30-2024"]
[Site "Chess.com"]
[Date "2024.01.30"]
[Round "5"]
[White "nindjaxx8"]
[Black "alexrustemov"]
[Result "0-1"]
[WhiteElo "2595"]
[BlackElo "2769"]
[TimeControl "180+1"]
[EndTime "14:58:37 PST"]
[Termination "alexrustemov won by resignation"]

1. d4 g6 2. c4 Bg7 3. Nc3 c5 4. e3 Nf6 5. Nf3 O-O 6. Be2 cxd4 7. exd4 d5 8. O-O Nc6 9. Be3 b6 10. Rc1 Bb7 11. Nd2 Rc8 12. Bf3 e6 13. cxd5 Nxd5 14. Nxd5 exd5 15. Nb3 Ba6 16. Be2 Bxe2 17. Qxe2 Qd7 18.
Qb5 Ne5 19. Qxd7 Nxd7 20. Rfd1 Rfe8 21. Kf1 Nf8 22. Ke2 Ne6 23. Kd3 Kf8 24. a4 Ke7 25. a5 Kd7 26. axb6 axb6 27. Nd2 Bf8 28. Nf3 f6 29. g4 Rxc1 30. Rxc1 Ra8 31. g5 Be7 32. h4 Ra2 33. Kc3 Ra4 34. b3 Ra2 35. Rh1 b5 36. h5 b4+ 37. Kd3 Rb2 38. hxg6 hxg6 39. Rh7 Ke8 40. Nh4 Rxb3+ 41. Kc2 Rc3+ 42. Kb2 fxg5 43. Nxg6 Bf6 44. Rb7 Rc4 45. Kb3 Nxd4+ 46. Bxd4 Bxd4 47. Re7+ Kd8 48. Rh7 Bc3 49. Nf8 Re4 50.
Ng6 d4 51. Rh8+ Kd7 52. Nf8+ Kd6 53. Nh7 d3 54. Rd8+ Ke5 55. Nxg5 Rg4 56. Nf3+ Ke4 57. Nh2 Rf4 58. Nf1 Rxf2 59. Ng3+ Ke3 60. Re8+ Kd4 61. Rd8+ Ke3 62. Re8+ Kf3 63. Ne4 Rb2+ 64. Kc4 d2 65. Nxd2+ Rxd2 66. Rf8+ Ke2 67. Re8+ Kd1 68. Kb3 Rb2+ 69.
Kc4 Kc2 70. Rg8 Kb1 71. Rg1+ Ka2 72. Rg8 Rd2 73. Ra8+ Kb2 74. Rb8 Rd4+ 75. Kc5 Rh4 76. Rg8 b3 77. Rg2+ Ka3 78. Rg3 Bb4+ 79. Kb5 Ka2 80.
Rg2+ b2 81. Rg4 0-1

[Event "Late-Titled-Tuesday-Blitz-January-30-2024"]
[Site "Chess.com"]
[Date "2024.01.30"]
[Round "5"]
[White "DefiantChair"]
[Black "OparinGrigoriy"]
[Result "1-0"]
[WhiteElo "2634"]
[BlackElo "2976"]
[TimeControl "180+1"]
[EndTime "14:58:41 PST"]
[Termination "DefiantChair won by resignation"]

1. e4 c6 2. d4 d5 3. e5 Bf5 4.
Nf3 e6 5. Be2 Nd7 6. Nbd2 Ne7 7.
O-O h6 8. a4 Bg6 9. Nb3 Nf5 10.
a5 Be7 11. g4 Nh4 12. Nxh4 Bxh4 13. f4 f5 14. c3 O-O 15. Be3 fxg4 16. Bxg4 Bf5 17. Nd2 Kh7 18. Kh1 Qe8 19. Rg1 Qf7 20. Qf3 Rg8 21. Qh3 Be7 22. Bxf5+ Qxf5 23. Qxf5+ exf5 24. Nf3 Nf8 25. h4 h5 26. Ng5+ Bxg5 27. hxg5 g6 28.
Kg2 Ne6 29. Kf3 Kg7 30. Bf2 Kf7 31. Bh4 Rgb8 32. Ke3 b6 33. Rgb1 c5 34. Bf2 cxd4+ 35. cxd4 b5 36. Rc1 Rc8 37. b4 Rc4 38. Rxc4 bxc4 39.
b5 Rb8 40. Rb1 Ke7 41. b6 axb6 42. axb6 Kd7 43. Be1 Kc6 44. Ba5 h4 45. Rh1 Ra8 46. Bc3 Ra3 47. Kd2 Nxf4 48. Rxh4 Ra2+ 49. Kd1 Ng2 50.
Rh6 Ne3+ 51. Ke1 Kxb6 52. Rxg6+ Kc7 53. Rf6 Rg2 54. g6 Nc2+ 55. Kf1 Ne3+ 56. Ke1 f4 57. Bd2 Kd7 58. Rxf4 Nc2+ 59. Kd1 Na3 60. Rf7+ Ke8 61.
Bb4 Nc2 62. Rf8+ Kd7 63. Rf7+ Kc6 64. Bc3 Rxg6 65. Kxc2 Rg2+ 66. Bd2 Rg3 67. Rf6+ Kb5 68. Rd6 c3 69. Rxd5+ Kc4 70. Rc5+ Kxd4 71. Rxc3 Rg6 72. Re3 Re6 73. Re1 Rc6+ 74. Kb3 Re6 75. Bc3+ Kd3 76. Rf1 Rb6+ 77. Bb4 Rb5 78. e6 Re5 79. e7 Kd4 80. Bc3+ 1-0

[Event "Late-Titled-Tuesday-Blitz-January-30-2024"]
[Site "Chess.com"]
[Date "2024.01.30"]
[Round "5"]
[White "Mazetovic"]
[Black "jcibarra"]
[Result "1/2-1/2"]
[WhiteElo "2617"]
[BlackElo "2873"]
[TimeControl "180+1"]
[EndTime "14:58:42 PST"]
[Termination "Game drawn by stalemate"]

1. e4 c5 2. Nf3 Nc6 3. Bb5 e6 4.
Bxc6 bxc6 5. d3 Qc7 6. Qe2 e5 7. O-O Ne7 8. Nh4 Ng6 9. Nf5 f6 10. Nd2 Nf4 11. Qf3 g6 12. Ne3 Be7 13. g3 Ne6 14. h4 h5 15. Ndc4 d6 16. b3 Nd4 17.
Qd1 Bh3 18. Re1 Qd7 19. c3 Nb5 20. Bd2 d5 21. Na5 d4 22. cxd4 cxd4 23. Nec4 g5 24.
Kh2 Bg4 25. f3 Be6 26. Rg1 gxh4 27. gxh4 O-O-O 28. Rc1 Nc3 29. Qe1 Rhg8 30. Bxc3 Rxg1 31. Qxg1 dxc3 32. Rxc3 Bb4 33. Rc2 Qxd3 34. Qf2 Bc5 35. Qe2 Qxe2+ 36. Rxe2 Kc7 37. Ne3 Rd3 38. Nac4 Bxc4 39.
Nxc4 Rxf3 40. Kg2 Rf4 41. Kg3 Rg4+ 42. Kh3 Bd4 43. Nd2 Rf4 44. Kg3 a5 45. Nf3 Bc5 46. Re1 Kb6 47. Re2 Bb4 48. Kg2 Kb5 49. Kg3 a4 50.
Kg2 a3 51. Kg3 c5 52. Kg2 c4 53. bxc4+ Kxc4 54. Re3 Bc5 55. Rb3 Rxe4 56. Nd2+ Kd5 57. Nxe4 Kxe4 58. Rc3 Kd5 59. Rd3+ Ke4 60. Rd8 f5 61. Rh8 f4 62. Rxh5 Bd4 63. Kf1 f3 64. Rh8 Kf4 65. h5 e4 66. Rf8+ Kg5 67. h6 Kg4 68.
Rg8+ Kf4 69. h7 e3 70. h8=Q e2+ 71. Ke1 Bxh8 72. Rxh8 Ke3 73. Re8+ Kd3 74. Kf2 Kc2 75. Rb8 Kd1 76. Re8 Kd2 77. Re3 Kd1 78. Kxf3 e1=Q 79. Rxe1+ Kxe1 80. Ke3 Kf1 81. Kd2 Kf2 82. Kc3 Ke3 83.
Kb3 Kd4 84. Kxa3 Kc5 85. Ka4 Kb6 86. Kb4 Ka7 87. a4 Ka8 88. a5 Ka7 89. Kb5 Ka8 90.
Kb6 Kb8 91. a6 Ka8 92. a7 1/2-1/2

[Event "Late-Titled-Tuesday-Blitz-January-30-2024"]
[Site "Chess.com"]
[Date "2024.01.30"]
[Round "5"]
[White "familijatop71"]
[Black "ccccvhhhj"]
[Result "0-1"]
[WhiteElo "2227"]
[BlackElo "2421"]
[TimeControl "180+1"]
[EndTime "14:58:46 PST"]
[Termination "ccccvhhhj won on time"]

1. e4 e5 2. Nf3 Nc6 3. Bc4 Nf6 4. d3 h6 5. O-O d6 6. c3 Bg4 7. Re1 Qd7 8. b4 O-O-O 9. a4 g5 10. Be3 Be6 11. Bb5 Kb8 12. Na3 g4 13. Nd2 h5 14. Nac4 Qe8 15. Na5 Bd7 16. Nxc6+ Bxc6 17. c4 Bh6 18. Bxc6 Qxc6 19. b5 Qd7 20. a5 Bxe3 21. Rxe3 h4 22. a6 b6 23. Nb1 Rdg8 24. Na3 g3 25.
fxg3 Ng4 26. Rf3 Nxh2 27. Kxh2 hxg3+ 28. Kg1 Qg4 29. Kf1 Rh1+ 30. Ke2 Rxd1 31. Rxd1 Rh8 32. Nc2 Rh2 33. Rg1 Qh5 34. Nb4 Rh4 35. Nc6+ Ka8 36.
Kd2 Rf4 37. Rxg3 Rg4 38. Rxg4 Qxg4 39. Ke3 Qg3+ 40. Ke2 Qg4+ 41. Ke3 Qf4+ 42. Ke2 Qh2 43. Rf1 Qxg2+ 44. Rf2 Qg4+ 45. Ke3 f6 46. Rf5 Qg3+ 47. Rf3 Qg5+ 48. Ke2 Qh6 49. Rg3 Qh5+ 50. Kf2 Qh2+ 51.
Rg2 Qf4+ 52. Kg1 Qe3+ 53. Kh2 Qf4+ 54. Kg1 Qe3+ 55. Kh2 Qh6+ 56. Kg1 Qh7 57. Kf2 f5 58. exf5 Qxf5+ 59. Kg1 Qh7 60. Rf2 Qg7+ 61. Rg2 Qh6 62. Rf2 e4 63. dxe4 Qc1+ 64. Kg2 Qg5+ 65. Kf1 Qg7 66.
Rg2 Qa1+ 67. Kf2 Qb2+ 68. Kg1 Qc1+ 69. Kh2 Qf4+ 70. Kg1 Qe3+ 71. Kh2 Qh6+ 72. Kg1 Qf8 73. Rf2 Qg8+ 74. Rg2 Qxc4 75. Rh2 Qc1+ 76. Kg2 Qd2+ 77. Kg1 Qe1+ 78. Kg2 Qxe4+ 79. Kg1 Qe3+ 80. Kg2 Qg5+ 81. Kh1 Qd5+ 82. Kg1 Qd1+ 83. Kg2 Qg4+ 84. Kh1 Qg8 85.
Rg2 Qe8 86. Rf2 d5 87. Kg1 d4 88. Kf1 d3 89. Rd2 Qf7+ 90. Ke1 Qe6+ 91. Kd1 Qb3+ 92.
Ke1 Qxb5 93. Nd4 Qe5+ 0-1